 Dungeon Crawl Stone Soup version 0.20-a0-842-g939b552 (webtiles) character file.

2360 AlphabetPasta the Sneak (level 9, -1/69 HPs)
             Began as a Barachian Assassin on Mar 7, 2017.
             Killed by divine providence
             ... invoked by an orc priest
              (14 damage)
             ... on level 7 of the Dungeon on Mar 8, 2017.
             The game lasted 00:35:13 (7443 turns).

AlphabetPasta the Sneak (Barachian Assassin)        Turns: 7443, Time: 00:35:14

Health: -1/69      AC:  7    Str: 13    XL:     9   Next: 44%
Magic:  9/9        EV: 16    Int: 11    God:
Gold:   76         SH:  8    Dex: 22    Spells: 8/8 levels left

rFire    + . .     SeeInvis .   c - +0 scimitar
rCold    . . .     Gourm    .   j - +2 robe {rF+}
rNeg     . . .     Faith    .   t - +2 buckler
rPois    .         Spirit   .   i - +1 hat
rElec    .         Reflect  .   d - +1 cloak
rCorr    .         Harm     .   (no gloves)
MR       .....                  (no boots)
Stlth    ++++......             (no amulet)
Regen    0.3/turn               (no ring)
MPRegen  0.2/turn               p - +5 ring of dexterity

@: can't hop, slow
A: +LOS, swims, slowness 1, strong legs 1
a: Hop


You were on level 7 of the Dungeon.
You were not hungry.

You visited 1 branch of the dungeon, and saw 7 of its levels.

You collected 286 gold pieces.
You spent 210 gold pieces at shops.

Inventory:

Hand Weapons
 a - a +2 dagger
 b - a +0 blowgun
 c - a +0 scimitar (weapon)
 h - a +0 rapier
Missiles
 e - 11 poisoned needles
 f - 4 curare-tipped needles
 z - 2 throwing nets (quivered)
Armour
 d - a +1 cloak (worn)
 i - a +1 hat (worn)
 j - a +2 robe of fire resistance (worn)
 t - a +2 buckler (worn)
 w - a +0 robe
Jewellery
 p - a +5 ring of dexterity (left hand)
Scrolls
 m - a scroll of teleportation
 v - 2 scrolls of remove curse
 y - 2 scrolls of magic mapping
 C - a scroll of blinking
Potions
 k - 2 potions of flight
 n - 2 potions of agility
 o - 3 potions of curing
 q - a potion of lignification {unknown}
 r - 2 potions of might {unknown}
 s - a potion of haste
Comestibles
 g - 5 bread rations
 l - 6 fruits
 x - 5 chunks of flesh
 A - 3 meat rations


   Skills:
 + Level 6.1 Fighting
 * Level 7.4 Short Blades
 - Level 2.0 Throwing
 + Level 5.3 Dodging
 * Level 7.6 Stealth
 + Level 4.4 Shields


You had 8 spell levels left.
You didn't know any spells.

Dungeon Overview and Level Annotations

Branches:
Dungeon (7/15)             Temple (0/1) D:7

Altars:
Fedhas
Hepliaklqana
Makhleb
Nemelex Xobeh
Ru
Zin

Shops:
D:5 [   D:6 ?

Annotations:
D:4 Raine357's ghost, amateur HaSk
D:7 qarz's ghost, novice HuFi


Innate Abilities, Weirdness & Mutations

Shadows flee at your approach. (+LOS)
You can swim through water.
You cover ground slowly.
You can hop short distances.


Message History

* * * LOW HITPOINT WARNING * * *
You aren't carrying any items that you can evoke.
You feel much better.
Found a staircase to the Ecumenical Temple.
You completely miss the orc.
The orc priest calls down the wrath of Beogh upon you.
Beogh smites you!
* * * LOW HITPOINT WARNING * * *
You block the orc's attack.
The orc priest looks satisfied for a moment.
The orc priest calls down the wrath of Beogh upon you.
Pain shoots through your body!
* * * LOW HITPOINT WARNING * * *
You feel much better.
The orc priest calls down the wrath of Beogh upon you.
Beogh smites you!
* * * LOW HITPOINT WARNING * * *
The orc priest calls down the wrath of Beogh upon you.
Beogh smites you!
You die...

##.......##########
##.......?........#
...#####.>........#
########[.........#
#...........>..#
#.###...o.o...$#
#..........#
#......o...#
..8.......?@.#
.>.8....).....#
...8..........#
##.#888############
...#.## #### .....
##### #


You could see an orc warrior, an orc priest and an orc.

Vanquished Creatures
  Pikel (D:5)
  Sigmund (D:3)
  A wyvern (D:6)
  Duvessa (D:6)
  A sky beast (D:5)
  An orc warrior (D:7)
  A phantom (D:6)
  2 ogres
  2 centaurs
  2 bullfrogs
  Dowan (D:6)
  2 scorpions
  A howler monkey (D:5)
  2 hounds
  A jelly (D:5)
  2 orc priests
  A gnoll shaman (D:5)
  An orc wizard (D:4)
  A bullfrog skeleton (D:5)
  A worker ant (D:5)
  A hound zombie (D:6)
  A worker ant zombie (D:6)
  14 gnolls
  6 adders
  An adder skeleton (D:5)
  A dart slug (D:1)
  4 leopard geckos
  10 orcs
  5 giant cockroaches
  9 goblins
  7 hobgoblins
  17 jackals
  4 quokkas
  2 ball pythons
  6 bats
  5 frilled lizards
  5 kobolds
  A leopard gecko zombie (D:6)
  A rat (D:2)
126 creatures vanquished.

Notes
Turn   | Place    | Note
-------+----------+-------------------------------------------
     0 | D:1      | AlphabetPasta the Barachian Assassin began the quest for the Orb.
     0 | D:1      | Reached XP level 1. HP: 17/17 MP: 1/1
   452 | D:1      | Reached XP level 2. HP: 23/23 MP: 2/2
   707 | D:1      | Reached XP level 3. HP: 28/28 MP: 3/3
  1581 | D:2      | Reached XP level 4. HP: 29/35 MP: 4/4
  2112 | D:2      | Found a sparkling altar of Nemelex Xobeh.
  2467 | D:3      | Noticed Sigmund
  2501 | D:3      | Killed Sigmund
  2501 | D:3      | Reached skill level 1 in Shields
  2501 | D:3      | Reached XP level 5. HP: 42/42 MP: 5/5
  2501 | D:3      | Reached XP level 6. HP: 48/48 MP: 6/6
  2532 | D:3      | Found a hazy altar of Hepliaklqana.
  3180 | D:3      | Reached skill level 5 in Stealth
  3619 | D:4      | Noticed Raine357's ghost (amateur HaSk)
  4194 | D:4      | Found a burning altar of Makhleb.
  4194 | D:4      | Noticed a balrug
  4197 | D:4      | Noticed an orange demon
  4197 | D:4      | Noticed a neqoxec
  4337 | D:4      | Found a glowing silver altar of Zin.
  4536 | D:4      | Reached XP level 7. HP: 51/54 MP: 7/7
  4675 | D:5      | Entered Level 5 of the Dungeon
  4677 | D:5      | Upgraded the game from 0.20-a0-835-gd6476b5 to 0.20-a0-842-g939b552
  4728 | D:5      | Found Sykhlousm's Antique Armour Shop.
  4732 | D:5      | Found a blossoming altar of Fedhas.
  4900 | D:5      | Reached skill level 5 in Short Blades
  5619 | D:5      | Noticed Pikel
  5638 | D:5      | Killed Pikel
  5638 | D:5      | Reached skill level 5 in Fighting
  5638 | D:5      | Reached XP level 8. HP: 51/62 MP: 8/8
  5886 | D:6      | Found Jelell's Magic Scroll Emporium.
  5937 | D:6      | Noticed Dowan
  5938 | D:6      | Noticed Duvessa
  5953 | D:6      | Killed Duvessa
  5974 | D:6      | Killed Dowan
  6028 | D:6      | Bought a scroll of magic mapping for 35 gold pieces
  6028 | D:6      | Bought a scroll of identify for 20 gold pieces
  6028 | D:6      | Bought a scroll of blinking for 75 gold pieces
  6028 | D:6      | Bought a scroll of identify for 20 gold pieces
  6028 | D:6      | Bought a scroll of identify for 20 gold pieces
  6028 | D:6      | Bought a scroll of identify for 20 gold pieces
  6028 | D:6      | Bought a scroll of identify for 20 gold pieces
  6140 | D:6      | Reached XP level 9. HP: 55/69 MP: 9/9
  6288 | D:6      | Reached skill level 5 in Dodging
  7268 | D:7      | Noticed qarz's ghost (novice HuFi)
  7410 | D:7      | Found a sacrificial altar of Ru.
  7437 | D:7      | Found a staircase to the Ecumenical Temple.
  7443 | D:7      | Killed from afar by an orc priest

Vault maps used:
D:1:      dpeg_arrival_arbitrary_c
D:2:      lemuel_coloured_pillars_altar
D:3:      overflow_temple_1_default, grunt_ministairs_12, uniq_sigmund
D:4:      zin_scriptorium, makhleb_altar_promises_db, first_bread,
          hangedman_decor_growths
D:5:      lemuel_crystal_altar, serial_shops, shop, uniq_pikel
D:6:      serial_shops, nicolae_shop_window_shopping, serial_curves,
          eino_curves_03, eino_curves_03, uniq_duvessa
D:7:      kennysheep_little_box, kiku_gazebo_garden_becter,
          minmay_temple_entry_statues, grunt_ogre_cave

Skill      XL: |  1  2  3  4  5  6  7  8  9 |
---------------+----------------------------+-----
Stealth        | 4 5 6 7 |  7.6
Fighting       | 3 4 5 6 |  6.1
Short Blades   | 3 4 6 7 |  7.4
Dodging        | 2 3 4 5 |  5.3
Shields        | 1 2 3 4 |  4.4
Throwing       | |  2.0

Action                   |  1- 3 |  4- 6 |  7- 9 || total
-------------------------+-------+-------+-------++-------
Melee: Dagger            |   148 |   207 |    25 ||   380
       Scimitar          |       |     7 |   171 ||   178
 Fire: Blowgun           |     6 |    17 |    25 ||    48
 Abil: Hop               |     1 |     2 |     6 ||     9
  Use: Scroll            |     7 |     4 |     8 ||    19
       Potion            |       |       |     5 ||     5
 Stab: Sleeping          |     4 |     4 |     8 ||    16
       Distracted        |       |     1 |     1 ||     2
  Eat: Chunk             |     3 |     6 |     8 ||    17
       Royal jelly       |       |     2 |     1 ||     3
       Fruit             |       |       |     1 ||     1
Armor: Robe              |    35 |    38 |    31 ||   104
Dodge: Dodged            |    71 |   108 |   130 ||   309
Block: Buckler           |       |       |    45 ||    45
       Rpst.: Scimitar   |       |     2 |    31 ||    33
